 Dungeon Crawl Stone Soup version 0.20-a0-1116-gaa52201 (webtiles) character file.

5044 Gorice the Spear-Bearer (level 10, -2/77 HPs)
             Began as a Minotaur Enchanter on May 7, 2017.
             Was an Elder of Okawaru.
             Slain by a hippogriff (3 damage)
             ... on level 1 of the Lair of Beasts.
             The game lasted 00:28:13 (7109 turns).

Gorice the Spear-Bearer (Minotaur Enchanter)        Turns: 7109, Time: 00:28:13

Health: -2/77      AC: 15    Str: 16    XL:     10   Next: 30%
Magic:  10/11      EV:  2    Int: 12    God:    Okawaru [****..]
Gold:   274        SH:  0    Dex: 11    Spells: 11/11 levels left

rFire    . . .     SeeInvis .   a - +3 trident (flame)
rCold    . . .     Gourm    .   (no shield)
rNeg     + + +     Faith    .   z - +1 ring mail of the Salamander {rCorr} (curse)
rPois    ∞         Spirit   .   (helmet restricted)
rElec    .         Reflect  .   H - +0 cloak
rCorr    +         Harm     .   E - +2 pair of gloves
MR       .....                  J - +1 pair of boots
Stlth    +++.......             (no amulet)
Regen    0.3/turn               y - ring of Shadows {Umbra +Inv Stlth+}
MPRegen  0.2/turn               (no ring)

@: petrified, wreathed by umbra
A: retaliatory headbutt, horns 2
a: Heroism, Renounce Religion, Evoke Invisibility


You were on level 1 of the Lair of Beasts.
You worshipped Okawaru.
Okawaru was greatly pleased with you.
You were not hungry.

You visited 3 branches of the dungeon, and saw 10 of its levels.

You collected 274 gold pieces.

Inventory:

Hand Weapons
 a - a +3 trident of flaming (weapon)
   (You took it off Terence on level 2 of the Dungeon)
 p - a +1 spear of freezing
   (You found it on level 1 of the Dungeon)
 s - a +0 glaive
Missiles
 t - 7 tomahawks (quivered)
 Z - 242 stones
Armour
 z - the cursed +1 ring mail of the Salamander (worn) {rCorr}
   (You found it on level 5 of the Dungeon)

   It protects you from acid and corrosion.
   It has a curse placed upon it.
 E - a +2 pair of gloves (worn)
 H - a +0 cloak (worn)
 J - a +1 pair of boots (worn)
Jewellery
 y - the ring of Shadows (left hand) {Umbra +Inv Stlth+}
   (You found it on level 5 of the Dungeon)

   [ring of stealth]

   It lets you turn invisible.
   It makes you more stealthy.
Wands
 k - a wand of confusion (10/48)
 u - a wand of polymorph (19/24)
 A - a wand of flame (30/48)
 I - a wand of disintegration (12/24)
 O - a wand of enslavement (3/24)
 P - a wand of flame (19/48)
Scrolls
 B - 2 scrolls of blinking
 K - 5 scrolls of teleportation {!r}
Potions
 e - 3 potions of flight
 g - a potion of heal wounds {!q}
 m - a potion of haste {!q}
 v - 3 potions of resistance {!q}
 L - a potion of curing
 Q - a potion of ambrosia
Comestibles
 C - 16 chunks of flesh
 G - 7 royal jellies


   Skills:
 - Level 3.0 Fighting
   Level 2.1 Short Blades
 * Level 14.0 Polearms
 + Level 9.8 Armour
 - Level 2.1 Dodging
 - Level 2.4 Stealth
 - Level 1.3 Spellcasting
   Level 2.0 Hexes


You had 11 spell levels left.
You didn't know any spells.

Dungeon Overview and Level Annotations

Branches:
Dungeon (8/15)             Temple (1/1) D:4            Lair (1/6) D:8

Altars:
Ashenzari
Cheibriados
Dithmenos
Elyvilon
Fedhas
Gozag
Hepliaklqana
Kikubaaqudgha
Makhleb
Nemelex Xobeh
Okawaru
Qazlal
Ru
Sif Muna
Trog
Uskayaw
Vehumet
Wu Jian
Xom
Yredelemnul
Zin
The Shining One


Innate Abilities, Weirdness & Mutations

You reflexively headbutt those who attack you in melee.
You have a pair of horns on your head.


Message History

Your limbs are stiffening.
Damage: 2 (max 3)
You puncture the basilisk! You burn the basilisk!
You kill the basilisk!
Okawaru accepts your kill.
Your base Polearms skill increases to level 14!
The hippogriff bites you!
* * * LOW HITPOINT WARNING * * *
The hippogriff pecks you.
* * * LOW HITPOINT WARNING * * *
The hippogriff claws you.
Damage: 9 (max 9)
You hit the hippogriff but do no damage.
The hippogriff is lightly wounded.
The hippogriff bites you!
* * * LOW HITPOINT WARNING * * *
The hippogriff pecks you but does no damage.
The hippogriff claws you.
* * * LOW HITPOINT WARNING * * *
You have turned to stone.
The hippogriff bites you but does no damage.
The hippogriff pecks you but does no damage.
The hippogriff claws you but does no damage.
The hippogriff bites you but does no damage.
The hippogriff pecks you but does no damage.
The hippogriff barely misses you.
The hippogriff bites you but does no damage.
The hippogriff pecks you but does no damage.
The hippogriff claws you.
* * * LOW HITPOINT WARNING * * *
The hippogriff bites you.
* * * LOW HITPOINT WARNING * * *
The hippogriff pecks you but does no damage.
The hippogriff claws you but does no damage.
The hippogriff bites you but does no damage.
The hippogriff pecks you but does no damage.
The hippogriff claws you but does no damage.
The hippogriff bites you but does no damage.
The hippogriff pecks you but does no damage.
The hippogriff claws you.
* * * LOW HITPOINT WARNING * * *
You feel like a meek peon again. The hippogriff bites you.
The hippogriff completely misses you. The hippogriff claws you.
The hippogriff bites you but does no damage.
The hippogriff pecks you!
* * * LOW HITPOINT WARNING * * *
The hippogriff claws you but does no damage.
The hippogriff bites you.
You die...

.........# ....#....#
#####..#.....# #......#.!...##
............# #...# #....# ...
##..###...P#######
....##.#.......H.(.............
....$....#.....@................
....##..........................
. #..........................
###.#......................
#.##..##.PP#............#
##.##................≈≈≈.#
........|...<.........≈#≈.#
........:!............≈≈÷.#
..#.##.P##P...............#


You could see a hippogriff.

Vanquished Creatures
  A two-headed ogre (D:8)
  Sigmund (D:4)
  6 yaks (Lair:1)
  A steam dragon (D:8)
  A basilisk (Lair:1)
  A hungry ghost (D:8)
  Menkaure (D:7)
  Duvessa (D:4)
  A sky beast (D:8)
  A porcupine (Lair:1)
  An ice beast (D:5)
  An orc warrior (D:7)
  2 phantoms
  5 ogres
  A necrophage (D:7)
  2 big kobolds
  3 bullfrogs
  Dowan (D:4)
  6 scorpions
  7 wights (D:8)
  2 howler monkeys (D:7)
  A bullfrog zombie (D:5)
  2 crimson imps
  3 hounds
  Crazy Yiuf (D:6)
  An orc priest (D:7)
  2 bullfrog skeletons
  2 iguanas
  Terence (D:2)
  5 worker ants
  2 hound zombies
  A worker ant zombie (D:7)
  Robin (D:4)
  4 gnolls (D:2)
  5 adders
  A shadow imp (D:8)
  An ooze (D:5)
  An adder zombie (D:6)
  A worm (D:2)
  4 dart slugs
  5 leopard geckos
  10 orcs
  4 giant cockroaches
  16 goblins
  16 hobgoblins
  3 jackals
  7 quokkas
  8 bats
  3 frilled lizards
  14 kobolds
  A leopard gecko skeleton (D:3)
  4 rats
176 creatures vanquished.

Notes
Turn   | Place    | Note
-------+----------+-------------------------------------------
     0 | D:1      | Gorice the Minotaur Enchanter began the quest for the Orb.
     0 | D:1      | Reached XP level 1. HP: 14/14 MP: 1/1
   279 | D:1      | Reached skill level 1 in Fighting
   332 | D:1      | Reached XP level 2. HP: 23/23 MP: 3/3
   438 | D:1      | Reached skill level 2 in Short Blades
   870 | D:1      | Reached skill level 1 in Polearms
   975 | D:2      | Reached skill level 2 in Fighting
   975 | D:2      | Reached XP level 3. HP: 29/29 MP: 4/4
  1047 | D:2      | Noticed Terence
  1272 | D:2      | Killed Terence
  1272 | D:2      | Reached skill level 2 in Polearms
  1272 | D:2      | Reached XP level 4. HP: 30/37 MP: 5/5
  1462 | D:2      | Reached skill level 3 in Polearms
  1504 | D:2      | Reached skill level 3 in Fighting
  1963 | D:3      | Reached XP level 5. HP: 45/45 MP: 6/6
  2043 | D:3      | Reached skill level 1 in Armour
  2252 | D:4      | Reached skill level 4 in Polearms
  2265 | D:4      | Noticed Robin
  2285 | D:4      | Killed Robin
  2427 | D:4      | Noticed Duvessa
  2428 | D:4      | Noticed Dowan
  2443 | D:4      | Killed Duvessa
  2443 | D:4      | Reached skill level 5 in Polearms
  2443 | D:4      | Reached skill level 2 in Armour
  2443 | D:4      | Reached XP level 6. HP: 41/51 MP: 7/7
  2446 | D:4      | Killed Dowan
  2595 | D:4      | Noticed Sigmund
  2608 | D:4      | Killed Sigmund
  2608 | D:4      | Reached skill level 6 in Polearms
  2608 | D:4      | Reached skill level 3 in Armour
  2608 | D:4      | Reached XP level 7. HP: 57/57 MP: 8/8
  2670 | D:4      | Reached skill level 7 in Polearms
  2875 | D:4      | Found a staircase to the Ecumenical Temple.
  2895 | Temple   | Entered the Ecumenical Temple
  3220 | Temple   | Became a worshipper of Warmaster Okawaru
  3384 | D:4      | Reached skill level 4 in Armour
  3432 | D:5      | Entered Level 5 of the Dungeon
  3516 | D:5      | Got a translucent ring mail
  3527 | D:5      | Identified the cursed +1 ring mail of the Salamander {rCorr} (You found it on level 5 of the Dungeon)
  3594 | D:5      | Reached skill level 8 in Polearms
  3602 | D:5      | Reached * piety under Okawaru
  3643 | D:5      | Reached skill level 5 in Armour
  3694 | D:5      | Found a bloodstained altar of Trog.
  3823 | D:5      | Found a white marble altar of Elyvilon.
  3958 | D:5      | Reached XP level 8. HP: 63/63 MP: 9/9
  4442 | D:6      | Reached skill level 9 in Polearms
  4554 | D:6      | Reached skill level 6 in Armour
  4746 | D:6      | Found a runed door.
  4750 | D:6      | Noticed Crazy Yiuf
  4755 | D:6      | Killed Crazy Yiuf
  4755 | D:6      | Reached ** piety under Okawaru
  4755 | D:6      | Reached skill level 10 in Polearms
  5225 | D:7      | Noticed Menkaure
  5646 | D:7      | Killed Menkaure
  5726 | D:7      | Reached skill level 11 in Polearms
  5726 | D:7      | Reached skill level 7 in Armour
  5733 | D:7      | Reached XP level 9. HP: 69/69 MP: 10/10
  6142 | D:8      | Noticed a two-headed ogre
  6164 | D:8      | Reached *** piety under Okawaru
  6164 | D:8      | Reached skill level 12 in Polearms
  6173 | D:8      | Killed a two-headed ogre
  6173 | D:8      | Reached skill level 8 in Armour
  6469 | D:8      | Found a staircase to the Lair.
  6497 | D:8      | Reached skill level 13 in Polearms
  6623 | D:8      | Reached skill level 9 in Armour
  6636 | D:8      | Reached **** piety under Okawaru
  6878 | D:8      | Reached XP level 10. HP: 71/77 MP: 11/11
  6953 | Lair:1   | Entered Level 1 of the Lair of Beasts
  7004 | Lair:1   | HP: 23/77 [yak (6)]
  7012 | Lair:1   | HP: 23/77 [yak (2)]
  7021 | Lair:1   | HP: 14/77 [yak (5)]
  7098 | Lair:1   | HP: 23/77 [basilisk (2)]
  7099 | Lair:1   | Reached skill level 14 in Polearms
  7100 | Lair:1   | HP: 10/77 [hippogriff (4)]
  7106 | Lair:1   | HP: 3/77 [hippogriff (2)]
  7108 | Lair:1   | HP: 1/77 [hippogriff (3)]
  7109 | Lair:1   | Slain by a hippogriff

Vault maps used:
D:1:      lordsloth_arrival_two_stooges
D:2:      uniq_terence
D:4:      minmay_temple_entry_junction, first_bread,
          hangedman_abyss_or_decor_stabs, minmay_misc_feat_pillars,
          uniq_sigmund, uniq_robin, uniq_duvessa
D:5:      elyvilon_altar_3, trog_hazing_becter
D:6:      minmay_checkerbox, uniq_crazy_yiuf_cottage
D:7:      kennysheep_generic_room_10, uniq_menkaure
D:8:      lair_entry_dummy, blue_anna_alchemist
Temple:   regret_index_temple_sigil_plot
Lair:1:   lab_entry_generic, kb_xom_exploding_sheep, infiniplex_staircase_pool

Skill      XL: |  1  2  3  4  5  6  7  8  9 10 |
---------------+-------------------------------+-----
Fighting       | 1 2 3 |  3.0
Short Blades   | 2 |  2.1
Polearms       | 1 2 3 5 6 8 11 13 14 | 14.0
Armour         | 2 3 5 7 9 |  9.8
Dodging        | |  2.1
Stealth        | |  2.4
Spellcasting   | |  1.3
Hexes          | |  2.0

Action                   |  1- 3 |  4- 6 |  7- 9 | 10-12 || total
-------------------------+-------+-------+-------+-------++-------
Melee: Dagger            |    26 |       |       |       ||    26
       Headbutt          |    10 |    10 |    37 |    14 ||    71
       Spear             |    43 |       |       |       ||    43
       Short sword       |    16 |       |       |       ||    16
       Trident           |       |   109 |   326 |    76 ||   511
       Punch             |       |       |       |     1 ||     1
Throw: Stone             |       |     4 |       |       ||     4
       Tomahawk          |       |       |    10 |       ||    10
 Cast: Corona            |     1 |       |       |       ||     1
Invok: Heroism           |       |       |     2 |     3 ||     5
Evoke: Wand              |     1 |     2 |     1 |       ||     4
  Use: Scroll            |     6 |     5 |     8 |       ||    19
 Stab: Sleeping          |     4 |     1 |    15 |     1 ||    21
  Eat: Chunk             |     1 |     4 |    11 |     1 ||    17
       Meat ration       |       |       |     1 |       ||     1
Armor: Robe              |     1 |       |       |       ||     1
       Ring mail         |    17 |    22 |    66 |    53 ||   158
Dodge: Dodged            |    35 |    33 |   100 |    32 ||   200

Table legend:
 A = Turns spent in this place as a percentage of turns spent in the entire game.
 B = Non-inter-level travel turns spent in this place as a percentage of non-inter-level travel turns spent in the entire game.
 C = Inter-level travel turns spent in this place as a percentage of turns spent in this place.
 D = Turns resting spent in this place as a percentage of non-inter-level travel turns spent in this place.
 E = Turns spent auto-exploring this place as a percentage of non-inter-level travel turns spent in this place.
 F = Non-inter-level travel turns spent in this place divided by the number of levels of this place that you've seen.
                   A       B       C       D       E      F
               +-------+-------+-------+-------+-------+----------------------
         Total | 100.0 | 100.0 |   0.6 |   1.6 |   7.9 | 234.4
       Dungeon |  93.3 |  93.3 |   0.6 |   1.7 |   7.5 | 273.4
        Temple |   1.1 |   1.1 |   7.4 |   0.0 |  84.0 |  25.0
          Lair |   5.6 |   5.6 |   0.0 |   0.0 |   0.8 | 132.0
               +-------+-------+-------+-------+-------+----------------------

Vault maps used:
D:1:      lordsloth_arrival_two_stooges
D:2:      uniq_terence
D:4:      minmay_temple_entry_junction, first_bread,
          hangedman_abyss_or_decor_stabs, minmay_misc_feat_pillars,
          uniq_sigmund, uniq_robin, uniq_duvessa
D:5:      elyvilon_altar_3, trog_hazing_becter
D:6:      minmay_checkerbox, uniq_crazy_yiuf_cottage
D:7:      kennysheep_generic_room_10, uniq_menkaure
D:8:      lair_entry_dummy, blue_anna_alchemist
Temple:   regret_index_temple_sigil_plot
Lair:1:   lab_entry_generic, kb_xom_exploding_sheep, infiniplex_staircase_pool
